 Dungeon Crawl Stone Soup version 0.29-a0-1052-g6990b1bffc (webtiles) character file.

Game seed: 9465469551515898125

98 Zeldest the Trooper (level 4, -14/37 HPs)
             Began as a Mummy Fighter on Aug 18, 2022.
             Killed from afar by an orc wizard (18 damage)
             ... with a puff of flame
             ... on level 3 of the Dungeon.
             The game lasted 00:01:15 (1862 turns).

Zeldest the Trooper (Mummy Fighter)                 Turns: 1862, Time: 00:01:16

Health: -14/37     AC:  6    Str: 21    XL:     4   Next: 44%
Magic:  4/4        EV:  9    Int:  7    God:
Gold:   91         SH:  0    Dex: 11    Spells: 3/3 levels left

rFire   x . .      SeeInvis .   a - +0 war axe
rCold   + . .      Faith    .   c - +0 buckler
rNeg    + + +      Spirit   .   b - +0 scale mail
rPois   ∞          Reflect  .   (no helmet)
rElec   .          Harm     .   (no cloak)
rCorr   .          Rampage  .   (no gloves)
Will    .....                   (no boots)
Stlth   ..........              (no amulet)
HPRegen 0.12/turn               (no ring)
MPRegen 0.09/turn               (no ring)

@: confused
A: cold resistance 1, negative energy resistance 3, torment resistance 2, heat
vulnerability 1, in touch with death 1, no potions
a: no special abilities


You were on level 3 of the Dungeon.
You visited 1 branch of the dungeon, and saw 3 of its levels.

You collected 91 gold pieces.

Inventory:

Hand Weapons
 a - a +0 war axe (weapon)
Armour
 b - a +0 scale mail (worn)
 c - a +0 buckler (worn)
Jewellery
 f - a ring of ice
Scrolls
 d - 2 scrolls of identify {unknown}
 e - a scroll of noise {unknown}
 g - a scroll of vulnerability {unknown}
 h - a scroll of enchant armour {unknown}
 i - a scroll of magic mapping {unknown}
 j - a scroll of teleportation {unknown}
 k - a scroll of fog {unknown}
 l - a scroll of blinking {unknown}


   Skills:
 + Level 3.6 Fighting
 * Level 3.0 Axes
 + Level 3.0 Armour
 - Level 2.4 Shields


You had 3 spell levels left.
You didn't know any spells.
Your spell library contained the following spells:

 Spells                   Type           Power      Damage    Failure   Level
 Apportation              Tloc           0%         N/A       86%         1
 Necrotise                Necr           0%         1d4       86%         1
 Sandblast                Erth           0%         2d4       86%         1
 Summon Small Mammal      Summ           0%         N/A       86%         1
 Passwall                 Tmut/Erth      0%         N/A       95%         2
 Stone Arrow              Conj/Erth      0%         3d7       99%         3


Dungeon Overview and Level Annotations

Branches:
Dungeon (3/15)

Altars:

Shops:
D:1 !


Innate Abilities, Weirdness & Mutations

You are immune to poison.
Your flesh is cold resistant. (rC+)
You are immune to negative energy. (rN+++)
You are immune to unholy pain and torment.
You are vulnerable to heat. (rF-)
You are in touch with the powers of death.
You do not drink.


Message History

The orc wizard is moderately wounded.
You hit the orc wizard. You closely miss the orc.
The orc wizard hits you with a +0 dagger.
The orc hits you but does no damage.
The orc wizard points at you and mumbles some strange words.
The puff of flame hits you! The fire burns you terribly!
The orc wizard hits you but does no damage.
The orc wizard gestures at you while chanting.
The magic dart hits you!
* * * LOW HITPOINT WARNING * * *
The orc hits you with a +0 dagger.
* * * LOW HITPOINT WARNING * * *
You are too injured to fight recklessly!
You are too injured to fight recklessly!
You are too injured to fight recklessly!
You barely miss the orc wizard.
The orc wizard is moderately wounded.
You hit the orc wizard. You hit the orc. The orc barely misses you.
The orc wizard closely misses you.
The orc wizard hits you with a +0 dagger.
* * * LOW HITPOINT WARNING * * *
You can't drink.
Unknown command.
Okay, then.
You hit the orc wizard.
The orc wizard is heavily wounded.
You closely miss the orc wizard. You closely miss the orc.
The orc wizard hits you with a +0 dagger.
* * * LOW HITPOINT WARNING * * *
The orc hits you but does no damage.
The orc wizard gestures at you while chanting.
You are confused.
You bump into the rock wall.
The orc wizard hits you but does no damage.
The orc hits you but does no damage.
The orc wizard hits you but does no damage.
You bump into the rock wall.
The orc wizard points at you and mumbles some strange words.
The puff of flame hits you!! The fire burns you terribly!
You die...

#####+# .......
......o###
......o@)#
.....^o#.#
##.._.##.# #....
#.# #######.##
#...#...#
#.#.#...#
#####.#.#...######
........###......#


You could see 2 orc wizards and an orc.

Vanquished Creatures
  Jessica (D:2)
  3 adders (D:2)
  A worm (D:2)
  An orc (D:3)
  2 endoplasms
  A giant cockroach (D:2)
  3 goblins
  2 hobgoblins
  4 jackals (D:1)
  4 kobolds
  5 quokkas
  4 ball pythons
  4 bats
  2 frilled lizards (D:1)
  3 rats
40 creatures vanquished.

Notes
Turn   | Place    | Note
-------+----------+-------------------------------------------
     0 | D:1      | Zeldest the Mummy Fighter began the quest for the Orb.
     0 | D:1      | Reached XP level 1. HP: 18/18 MP: 1/1
   176 | D:1      | Found Merig's Distillery.
   198 | D:1      | Reached XP level 2. HP: 18/24 MP: 2/2
   934 | D:2      | Noticed Jessica
   944 | D:2      | Gained mutation: You are in touch with the powers of death.
                  | [Mummy growth]
   944 | D:2      | Reached XP level 3. HP: 29/29 MP: 3/3
   950 | D:2      | Killed Jessica
  1091 | D:2      | Reached XP level 4. HP: 33/35 MP: 4/4
  1856 | D:3      | Found a faded altar of an unknown god.
  1862 | D:3      | Killed from afar by an orc wizard

Illustrated notes

Levels and vault maps discovered:
D:1:      minmay_arrival_four_circles, layout_basic, serial_shops,
          nicolae_shop_window_shopping, hangedman_decor_clover_reticule
D:2:      layout_loops_corners, uniq_jessica
D:3:      layout_basic, trog_three_pillars_becter,
          ebering_ecumenical_altar_webs, ebering_ghost_disaster_area,
          minmay_shallow_snake_nest

Skill      XL: |  1  2  3  4 |
---------------+-------------+-----
Axes           | 2 3 |  3.0
Armour         | 3 |  3.0
Fighting       | |  3.6
Shields        | |  2.4

Action                   |  1- 3 |  4- 6 || total
-------------------------+-------+-------++-------
Melee: War axe           |    81 |    41 ||   122
Armor: Scale mail        |    55 |    19 ||    74
Dodge: Dodged            |    43 |    28 ||    71
Block: Buckler           |    18 |     7 ||    25

Table legend: (Time is in decaauts)
 A = Elapsed time spent in this place.
 B = Non-inter-level travel time spent in this place.
 C = Inter-level travel time spent in this place.
 D = Time resting spent in this place.
 E = Time spent auto-exploring this place.
 F = Levels seen in this place.
 G = Mean time per level.
                   A        B        C        D        E       F      G
               +--------+--------+--------+--------+--------+-----+--------+
         Total |   1914 |   1876 |     38 |    302 |   1256 |   3 |  638.0 |
       Dungeon |   1914 |   1876 |     38 |    302 |   1256 |   3 |  638.0 |
               +--------+--------+--------+--------+--------+-----+--------+

Top non-repeatable levels by time:
     D:2: 994 daAuts
     D:1: 865 daAuts
     D:3: 54 daAuts
